 Dungeon Crawl Stone Soup version 0.29.1-12-g30fa7ad0bf (webtiles) character file.

Game seed: 10698302816772282632

44 kingofthe the Caller (level 3, 0/24 HPs)
             Began as a Merfolk Summoner on Jan 14, 2023.
             Slain by a ball python (1 damage)
             ... on level 2 of the Dungeon.
             The game lasted 00:05:14 (1363 turns).

kingofthe the Caller (Merfolk Summoner)             Turns: 1363, Time: 00:05:15

Health: 0/24       AC:  6    Str:  8    XL:     3   Next: 62%
Magic:  3/6        EV: 13    Int: 14    God:
Gold:   88         SH:  0    Dex: 16    Spells: 2/6 levels left

rFire   . . .      SeeInvis .   c - +0 dagger
rCold   . . .      Faith    .   (no shield)
rNeg    . . .      Spirit   .   a - +0 robe
rPois   .          Reflect  .   (no helmet)
rElec   .          Harm     .   (no cloak)
rCorr   .          Rampage  .   (no gloves)
Will    .....                   (no boots)
Stlth   ++........              (no amulet)
HPRegen 0.08/turn               h - +4 ring of protection
MPRegen 0.10/turn               (no ring)

@: lethally poisoned (0 -> -1)
A: (nimble swimmer 2), mertail
a: no special abilities


You were on level 2 of the Dungeon.
You visited 1 branch of the dungeon, and saw 2 of its levels.

You collected 88 gold pieces.

Inventory:

Hand Weapons
 c - a +0 dagger (weapon)
Armour
 a - a +0 robe (worn)
Jewellery
 h - a +4 ring of protection (left hand)
Scrolls
 d - a scroll of noise {unknown}
 e - a scroll of identify {unknown}
 f - a scroll of fog {unknown}
 i - 3 scrolls of magic mapping {unknown}
 j - a scroll of immolation {unknown}
Potions
 b - a potion of magic
 g - a potion of flight {unknown}
 k - a potion of mutation {unknown}
 l - a potion of invisibility {unknown}


   Skills:
 * Level 3.9 Dodging
 + Level 2.8 Stealth
 + Level 2.3 Spellcasting
 + Level 4.2 Summonings


You had 2 spell levels left.
You knew the following spells:

 Your Spells              Type           Power      Damage    Failure   Level
a - Summon Small Mammal   Summ           52%        N/A       4%          1
z - Call Canine Familiar  Summ           13%        N/A       12%         3

Your spell library contained the following spells:

 Spells                   Type           Power      Damage    Failure   Level
 Call Imp                 Summ           13%        N/A       6%          2
 Summon Guardian Golem    Hex/Summ       7%         N/A       28%         3
 Summon Lightning Spire   Summ/Air       7%         N/A       67%         4
 Fulminant Prism          Conj/Hex       0%         3d6       92%         4
 Iskenderun's Mystic Bla  Conj/Tloc      1%         2d3       92%         4
 Lee's Rapid Deconstruct  Erth           0%         3d5*      99%         5


Dungeon Overview and Level Annotations

Branches:
Dungeon (2/15)

Altars:

Annotations:
D:1 exclusion: Tzitzimitl


Innate Abilities, Weirdness & Mutations

((You are very nimble when in or above water. (Stealth+, EV+, Speed+++)))
Your lower body shifts to a powerful aquatic tail in water.


Message History

The rat completely misses you.
Your rat barely misses the adder.
You miss the adder.
The adder is severely wounded.
You feel sick.
Your bat misses the quokka. The adder bites you.
You are more poisoned.
The adder poisons you!
Your bat hits the quokka but does no damage.
The quokka misses you. The adder closely misses you.
Your rat bites the adder.
The rat barely misses you.
You hit the adder. You punch the adder, but do no damage.
The adder is almost dead.
You feel sick.
Your bat misses the adder.
The quokka bites you but does no damage.
Your bat hits the adder but does no damage.
The adder bites you but does no damage. The rat bites you but does no damage.
The quokka bites you but does no damage.
Your bat barely misses the adder.
Your rat barely misses the adder.
You closely miss the adder.
The adder is almost dead.
You feel sick.
Your bat barely misses the adder. x2
The adder closely misses you. The quokka closely misses you.
The rat barely misses you.
Your rat bites the adder.
The adder dies!
Unknown command.
Sorry, you're not good enough to have a special ability.
Casting: Summon Small Mammal (safe; 4% risk of failure)
Confirm with . or Enter, or press ? or * to list all spells.
You feel sick.
Your rat disappears in a puff of smoke!
Your bat hits the quokka but does no damage.
The quokka closely misses you. The rat closely misses you.
You hit the rat.
You kill the rat!
You feel sick. The bat barely misses you.
Your bat barely misses the quokka.
The quokka barely misses you.
You hit the quokka but do no damage.
You feel sick.
Your bat hits the quokka. The quokka bites you.
* * * LOW HITPOINT WARNING * * *
The ball python bites you.
You die...

##....##.## ...S
#....##.# .....
#.......# ....
....#......### ...#
###....###...####..#
##...#
###..#....#### #...#
##...##....#. #...
###§r.b..... #..#
#.§@r#.##.# ...
#.##S.# ... .#!#
..### .#.# .. .. ? .
.# # .. #.


You could see a quokka (ally target), a ball python, a friendly quokka
(summoned) and a friendly bat (summoned).

Vanquished Creatures
  A dart slug (D:1)
  3 bats
  4 endoplasms (D:1)
  3 giant cockroaches (D:1)
  A goblin (D:1)
  A hobgoblin (D:1)
  2 jackals (D:1)
  A kobold (D:2)
  A quokka (D:1)
  5 ball pythons (D:1)
  4 rats
26 creatures vanquished.

Vanquished Creatures (collateral kills)
  An adder (D:2)
  A hobgoblin (D:1)
  A jackal (D:2)
  A ball python (D:2)
  A rat (D:1)
5 creatures vanquished.

Grand Total: 31 creatures vanquished

Notes
Turn   | Place    | Note
-------+----------+-------------------------------------------
     0 | D:1      | kingofthe the Merfolk Summoner began the quest for the Orb.
     0 | D:1      | Reached XP level 1. HP: 13/13 MP: 3/3
   307 | D:1      | Reached XP level 2. HP: 17/19 MP: 5/5
   797 | D:1      | Found a faded altar of an unknown god.
   797 | D:1      | Noticed a Tzitzimitl
  1054 | D:1      | Reached XP level 3. HP: 24/24 MP: 6/6
  1134 | D:1      | Learned a level 3 spell: Call Canine Familiar
  1363 | D:2      | HP: 1/24 [quokka (3)]
  1363 | D:2      | Slain by a ball python

Illustrated notes

Levels and vault maps discovered:
D:1:      dpeg_arrival_short_road, layout_loops_ring,
          dreamdust_ecumenical_altar_sealed_demon
D:2:      layout_rooms, minmay_small_reverse_x

Skill      XL: |  1 |
---------------+----+-----
Dodging        | 3 |  3.9
Stealth        | |  2.8
Spellcasting   | |  2.3
Summonings     | |  4.2

Action                   || total
-------------------------++-------
Melee: Dagger            ||   113
       Punch             ||     3
 Cast: Summon Small Mamm ||     7
 Stab: Sleeping          ||    10
Armor: Robe              ||    49
Dodge: Dodged            ||   109
